cohdb
Replays
Latest Replays
All Replays
Popular Replays
Top Player Replays
Match Explorer
How It Works
Community
CoH3 Stats
Reddit
Sign in to upload your games and track your stats! →
Sign in with Steam
Match 41460458
Unlisted
Match 41460458
Overview
Messages
Build Orders
End
Construct Barracks
Selects Special Operations Battlegroup
Selects M29 Weasel Recon Vehicle
M29 Weasel Recon Vehicle
Riflemen Squad
Engineer Squad
Riflemen Squad
Infantry Support Center
Construct Weapon Support Center
M3 Armored Personnel Carrier
M3 Armored Personnel Carrier
Riflemen Squad
M3 Armored Personnel Carrier
Selects P-47 Anti-Infantry Loiter
Selects UNKNOWN (2162291)
Grenade Package
Construct Tank Depot
Bazooka Squad
Selects Raiding Flares
Selects SSF Commando Squad
P-47 Anti-Infantry Loiter
P-47 Anti-Infantry Loiter
M4A1 Sherman Whizbang
Selects Assault Operation
P-47 Anti-Infantry Loiter
M4A1 Sherman Whizbang
Engineer Squad
W
CAuMOH
Dunkerque
NEP_wilson_NEP
0
0
Comments
sign in to comment!
No comments posted yet!